 Dungeon Crawl Stone Soup version 0.25-a0-294-gea9b1ad378 (webtiles) character file.

Game seed: 1667607344243498793, levelgen mode: classic

30 Borgoz the Skirmisher (level 3, 20/23 HPs)
             Began as a Gargoyle Monk on Dec 17, 2019.
             Quit the game on level 1 of the Dungeon.
             The game lasted 00:01:56 (1355 turns).

Borgoz the Skirmisher (Gargoyle Monk)               Turns: 1355, Time: 00:01:56

Health: 20/23      AC:  5    Str: 14    XL:     3   Next: 18%
Magic:  3/3        EV: 13    Int: 10    God:
Gold:   42         SH:  0    Dex: 13    Spells: 2/2 levels left

rFire    . . .     SeeInvis .   a - +0 mace
rCold    . . .     Gourm    .   (no shield)
rNeg     + . .     Faith    .   b - +0 robe
rPois    ∞         Spirit   .   (no helmet)
rElec    +         Reflect  .   (no cloak)
rCorr    .         Harm     .   (no gloves)
MR       .....                  (no boots)
Stlth    ++........             (no amulet)
HPRegen  0.07/turn              (no ring)
MPRegen  0.08/turn              (no ring)

@: no status effects
A: negative energy resistance 1, electricity resistance, unbreathing,
petrification resistance, rot immunity, AC +3
a: no special abilities


You were on level 1 of the Dungeon.
You were not hungry.

You visited 1 branch of the dungeon, and saw 1 of its levels.

You collected 42 gold pieces.

Inventory:

Hand Weapons
 a - a +0 mace (weapon)
Armour
 b - a +0 robe (worn)
 e - a +0 ring mail
Scrolls
 d - a scroll of noise {unknown}
 f - a scroll of enchant armour {unknown}
Potions
 g - a potion of might {unknown}
 i - a potion of agility {unknown}
 j - a potion of haste {unknown}
 k - a potion of brilliance {unknown}
Comestibles
 c - 2 rations
 h - 3 chunks of flesh


   Skills:
 + Level 3.6 Fighting
 * Level 3.5 Maces & Flails
 + Level 1.1 Armour
 + Level 2.6 Dodging
 - Level 2.1 Stealth


You had 2 spell levels left.
You didn't know any spells.
Your spell library was empty.

Dungeon Overview and Level Annotations

Branches:
Dungeon (1/15)

Altars:


Innate Abilities, Weirdness & Mutations

You are resistant to torment.
Your stone body is resilient. (AC +3)
You are immune to poison.
You resist negative energy. (rN+)
You are resistant to electric shocks. (rElec)
You can survive without breathing.
You are immune to petrification.
You are immune to rotting.


Message History

Increase (S)trength, (I)ntelligence, or (D)exterity?
You feel agile. The goblin hits you with a +0 dagger.
The frilled lizard barely misses you.
You hit the frilled lizard.
You kill the frilled lizard!
The goblin hits you but does no damage.
You closely miss the goblin. The goblin closely misses you.
The goblin barely misses you.
You hit the goblin.
You kill the goblin!
No target in view!
No target in view!
You see here a frilled lizard corpse.
You butcher the frilled lizard corpse.
h - 3 chunks of flesh (gained 1)
You see here a frilled lizard skeleton.
j - a coppery potion You now have 42 gold pieces (gained 14).
k - a metallic dark potion Are you sure you want to abandon this character and quit the game? (Confirm with "yes".)

###.##.#.##.###..#.###.#
#..#.#.###.#....÷# #.#
##.#.#.###....#..# #.#
#.#.#...........###.#
#.#...######'....##.#
##.÷..##..÷..#.....#.#
#....#.#.....#.....#.#
#...#..#..)..#.....#.#
#...#..#.@...#÷......#
#...#..#.....#.#..####
#...#..#######.##.#
#...#.#.....#..##.#
#...##.....#..###.#
##..# #####..## #.#
........###.########
#...............).
#####)###.########


There were no monsters in sight!

Vanquished Creatures
  An ooze (D:1)
  A dart slug (D:1)
  A leopard gecko (D:1)
  2 bats (D:1)
  A giant cockroach (D:1)
  A goblin (D:1)
  2 hobgoblins (D:1)
  4 jackals (D:1)
  3 frilled lizards (D:1)
  3 kobolds (D:1)
  2 rats (D:1)
21 creatures vanquished.

Notes
Turn   | Place    | Note
-------+----------+-------------------------------------------
     0 | D:1      | Borgoz the Gargoyle Monk began the quest for the Orb.
     0 | D:1      | Reached XP level 1. HP: 14/14 MP: 1/1
   374 | D:1      | Reached XP level 2. HP: 3/19 MP: 2/2
  1204 | D:1      | Reached skill level 1 in Armour
  1340 | D:1      | Reached XP level 3. HP: 21/23 MP: 3/3
  1355 | D:1      | Quit the game

Levels and vault maps discovered:
D:1:      dpeg_arrival_simpleton_a, layout_loops_ring, minmay_3d_cube

Skill      XL: |  1  2 |
---------------+-------+-----
Armour         | 1 |  1.1
Fighting       | |  3.6
Maces & Flails | |  3.5
Dodging        | |  2.6
Stealth        | |  2.1

Action                   || total
-------------------------++-------
Melee: Mace              ||    76
  Eat: Chunk             ||     1
Armor: Robe              ||    29
Dodge: Dodged            ||    67

Table legend:
 A = Non-vault XP
 B = Vault XP
 C = Vault XP percentage of total XP
 D = Non-vault monster count
 E = Vault monster count
 F = Vault count percentage of total count
                 A         B        C        D         E       F
            +---------+---------+-------+---------+---------+-------
      Total |      27 |      16 |  37.2 |      14 |       7 |  33.3
            +---------+---------+-------+---------+---------+-------
        D:1 |      27 |      16 |  37.2 |      14 |       7 |  33.3
            +---------+---------+-------+---------+---------+-------
